Map: [ESL] Gresvan

Players

Krystianer

  • Race: Protoss Protoss
  • Spawn Location: 11:00

ShaDoWn - Winner!

  • Race: Protoss Protoss
  • Spawn Location: 5:00

Event: ESL SC2 Masters 2023 Summer (Regionals)

VOD

Have the link to the VOD?

Description

Time

  • Played on: May 14, 2023, 10:33 a.m.
  • Length: 12:22

All games in this series

Show
View Real Time Build Order
Export as new Build Order

Krystianer Protoss 

Build Orders: Blink Stalkers 

Get SALT Encoding   

  12  0:00  Probe  
  13  0:12  Probe  
  14  0:16  Pylon  
  14  0:24  Probe (Chrono Boost)  
  16  0:36  Probe (Chrono Boost), Gateway  
  16  0:43  Probe (Chrono Boost)  
  16  0:45  Assimilator  
  17  0:50  Probe  
  17  0:55  Assimilator  
  18  1:03  Probe (Chrono Boost)  
  19  1:08  Gateway  
  19  1:13  Probe (Chrono Boost)  
  19  1:18  Probe (Chrono Boost)  
  20  1:24  Cybernetics Core  
  21  1:29  Probe  
  22  1:38  Pylon  
  22  1:42  Probe  
  23  1:56  Probe  
  23  1:59  Warp Gate (Chrono Boost)  
  23  2:00  Adept, Stalker  
  28  2:08  Probe  
  29  2:15  Pylon  
  29  2:20  Probe  
  30  2:33  Stalker x2  
  34  2:53  Nexus  
  34  3:02  Twilight Council  
  34  3:10  Shield Battery  
  34  3:14  Probe  
  35  3:26  Probe, Pylon  
  34  3:38  Probe (Chrono Boost), Blink (Chrono Boost)  
  35  3:41  Stalker  
  35  3:47  Stalker  
  39  3:49  Probe (Chrono Boost)  
  40  3:56  Probe (Chrono Boost)  
  41  4:03  Robotics Facility  
  41  4:05  Probe (Chrono Boost)  
  41  4:07  Sentry  
  45  4:14  Probe x2 (Chrono Boost)  
  46  4:18  Stalker  
  46  4:20  Probe (Chrono Boost)  
  50  4:24  Probe (Chrono Boost)  
  50  4:31  Stalker  
  53  4:32  Probe (Chrono Boost)  
  53  4:36  Probe (Chrono Boost)  
  53  4:37  Probe (Chrono Boost)  
  55  4:42  Stalker  
  55  4:43  Pylon  
  57  4:55  Nexus  
  57  4:57  Probe, Observer  
  57  4:59  Probe  
  60  5:07  Adept  
  60  5:08  Adept  
  60  5:09  Probe  
  60  5:11  Probe  
  66  5:15  Pylon  
  66  5:22  Probe  
  66  5:23  Probe  
  68  5:31  Stalker  
  68  5:33  Stalker  
  68  5:34  Probe  
  73  5:35  Probe (Chrono Boost)  
  73  5:40  Forge  
  73  5:42  Pylon  
  74  5:48  Probe (Chrono Boost), Shield Battery  
  76  5:52  Probe (Chrono Boost)  
  76  5:56  Probe (Chrono Boost)  
  77  5:59  Probe (Chrono Boost)  
  77  6:02  Probe  
  79  6:05  Stalker x2  
  79  6:07  Probe  
  79  6:09  Protoss Ground Weapons Level 1 (Chrono Boost)  
  79  6:10  Probe  
  81  6:14  Probe  
  81  6:17  Assimilator  
  80  6:19  Probe  
  80  6:21  Assimilator  
  80  6:22  Probe  
  82  6:25  Charge (Chrono Boost), Gateway  
  82  6:26  Probe  
  82  6:28  Gateway  
  82  6:30  Stalker x2  
  82  6:31  Probe  
  88  6:34  Probe  
  88  6:35  Gateway  
  88  6:36  Gateway  
  89  6:43  Gateway  
  89  6:44  Gateway  
  89  6:49  Probe  
  89  6:55  Stalker x2  
  89  6:59  Shield Battery  
  90  7:06  Probe (Chrono Boost)  
  90  7:08  Probe (Chrono Boost)  
  90  7:11  Probe (Chrono Boost)  
  90  7:14  Warp Prism  
  91  7:15  Probe (Chrono Boost)  
  91  7:16  Observer  
  91  7:18  Probe (Chrono Boost)  
  91  7:19  Probe (Chrono Boost)  
  91  7:21  Stalker x2  
  91  7:22  Probe, Stalker  
  99  7:25  Nexus  
  99  7:28  Templar Archives  
  100  7:31  Probe, Pylon  
  101  7:40  Photon Cannon  
  101  7:41  Pylon  
  101  7:45  Pylon  
  101  7:49  Probe x2  
  103  7:52  Pylon  
  103  7:53  Zealot x3  
  103  7:57  Pylon  
  109  8:01  Zealot x4  
  109  8:04  Protoss Ground Weapons Level 2 (Chrono Boost)  
  117  8:09  Probe  
  117  8:11  Pylon  
  118  8:19  Zealot x4  
  126  8:22  Zealot x3  
  126  8:25  Zealot  
  126  8:27  Probe x2  
  135  8:36  Probe  
  135  8:38  Photon Cannon  
  125  8:41  Probe  
  125  8:44  Probe  
  125  8:45  Stalker x2  
  125  8:46  Stalker x2  
  124  8:51  Probe  
  124  8:52  Observer (Chrono Boost)  
  124  8:57  Probe  
  124  9:01  Probe  
  126  9:05  Probe  
  127  9:10  High Templar x4, Photon Cannon  
  127  9:14  Archon x2  
  127  9:15  Zealot x2  
  138  9:21  Probe  
  138  9:22  Probe x2  
  140  9:26  Warp Prism (Chrono Boost)  
  140  9:31  Probe  
  140  9:34  Probe  
  140  9:37  Probe  
  140  9:38  Probe  
  138  9:39  Zealot x4  
  138  9:43  Probe  
  147  9:46  High Templar x2  
  147  9:48  Zealot  
  147  9:49  Zealot  
  147  9:51  Pylon  
  155  9:53  Probe  
  155  9:56  Probe  
  153  10:00  Archon  
  153  10:01  Zealot x4  
  153  10:06  Protoss Ground Armor Level 1 (Chrono Boost)  
  161  10:08  Pylon  
  161  10:10  Pylon  
  161  10:25  High Templar x2  
  161  10:26  Stalker x2  
  161  10:27  Zealot x4  
  175  10:29  Archon  
  161  10:49  Zealot x6  
  140  10:50  Probe  
  136  10:58  Stalker  
  136  10:59  Stalker  
  136  11:03  Probe  
  131  11:06  Observer  
  131  11:10  Stalker x5  
  131  11:11  Stalker  
  122  11:14  Probe (Chrono Boost)  
  122  11:15  Probe (Chrono Boost)  
  122  11:16  Assimilator  
  122  11:18  Probe (Chrono Boost), Assimilator  
  124  11:19  Probe (Chrono Boost), Assimilator  
  124  11:20  Assimilator  
  124  11:22  Gateway  
  124  11:25  Gateway, Stalker x2  
  127  11:26  Probe (Chrono Boost), Forge  
  127  11:31  Probe (Chrono Boost)  
  127  11:32  Probe x3 (Chrono Boost)  
  132  11:33  Zealot x3  
  132  11:34  Zealot  
  132  11:38  Robotics Facility  
  141  11:46  Zealot x2  
  136  11:48  Observer (Chrono Boost)  
  136  11:53  Probe x3  
  136  11:54  Zealot x3  
  134  11:58  Probe  
  128  12:05  Probe  
  128  12:06  Robotics Bay, Stalker x3  
  133  12:09  Zealot x2  
  133  12:10  Probe  
  133  12:15  Zealot x2  
Show
View Real Time Build Order
Export as new Build Order

ShaDoWn Protoss - Winner!

Build Orders: Blink Stalkers 

Get SALT Encoding   

  12  0:00  Probe  
  13  0:12  Probe  
  14  0:17  Pylon  
  14  0:24  Probe (Chrono Boost)  
  15  0:35  Gateway  
  15  0:37  Probe (Chrono Boost)  
  16  0:45  Probe (Chrono Boost)  
  16  0:46  Assimilator  
  17  0:51  Probe  
  17  0:54  Assimilator  
  18  1:03  Probe (Chrono Boost)  
  19  1:07  Gateway  
  19  1:13  Probe (Chrono Boost)  
  19  1:17  Probe (Chrono Boost)  
  20  1:22  Cybernetics Core  
  21  1:29  Probe  
  22  1:34  Pylon  
  22  1:41  Probe  
  23  1:53  Probe  
  24  1:58  Stalker x2  
  28  2:06  Warp Gate  
  28  2:09  Pylon  
  28  2:17  Probe  
  29  2:28  Stalker x2  
  32  2:54  Shield Battery  
  32  2:59  Nexus  
  32  3:02  Probe  
  33  3:14  Probe  
  33  3:15  Twilight Council  
  34  3:26  Probe (Chrono Boost), Shield Battery  
  34  3:38  Probe (Chrono Boost), Pylon  
  35  3:47  Probe (Chrono Boost)  
  36  3:48  Blink (Chrono Boost)  
  36  3:53  Probe  
  37  3:58  Stalker x2  
  41  4:06  Probe (Chrono Boost)  
  42  4:14  Probe (Chrono Boost), Robotics Facility  
  43  4:21  Probe (Chrono Boost)  
  45  4:24  Probe (Chrono Boost)  
  45  4:28  Stalker  
  45  4:29  Probe (Chrono Boost)  
  49  4:33  Probe (Chrono Boost)  
  49  4:34  Probe (Chrono Boost)  
  49  4:38  Stalker  
  52  4:41  Probe  
  52  4:43  Probe  
  54  4:53  Probe  
  54  4:55  Probe  
  54  4:56  Stalker  
  58  5:01  Pylon, Observer  
  58  5:05  Probe  
  60  5:11  Nexus  
  60  5:15  Stalker  
  60  5:19  Probe x2  
  64  5:22  Observer  
  64  5:23  Assimilator  
  64  5:24  Stalker  
  67  5:30  Pylon  
  67  5:31  Probe  
  68  5:35  Probe  
  68  5:39  Shield Battery  
  69  5:44  Probe  
  69  5:48  Probe  
  69  5:49  Forge, Stalker  
  73  5:50  Stalker  
  73  5:57  Probe  
  76  5:58  Pylon  
  76  6:03  Probe  
  76  6:09  Probe  
  77  6:11  Protoss Ground Weapons Level 1 (Chrono Boost)  
  77  6:15  Probe  
  77  6:20  Adept x2  
  77  6:21  Probe (Chrono Boost)  
  77  6:22  Probe (Chrono Boost)  
  83  6:27  Probe (Chrono Boost)  
  84  6:33  Probe (Chrono Boost)  
  84  6:34  Probe (Chrono Boost)  
  84  6:35  Gateway  
  84  6:37  Gateway  
  84  6:39  Probe (Chrono Boost)  
  87  6:42  Probe x2 (Chrono Boost)  
  87  6:43  Dark Shrine  
  87  6:44  Probe (Chrono Boost), Observer  
  91  6:47  Probe, Assimilator x2  
  91  6:49  Probe  
  91  6:53  Probe  
  94  6:56  Stalker x2  
  94  6:59  Probe  
  94  7:01  Probe  
  100  7:05  Probe  
  101  7:12  Charge (Chrono Boost)  
  101  7:15  Pylon  
  101  7:18  Gateway  
  101  7:20  Gateway x2  
  101  7:27  Pylon  
  101  7:33  Probe, Stalker x3  
  101  7:36  Pylon  
  108  7:38  Gateway  
  108  7:40  Pylon  
  108  7:43  Observer  
  108  7:47  Nexus  
  108  7:50  Pylon  
  108  7:54  Stalker  
  108  7:57  Dark Templar x3  
  116  8:04  Protoss Ground Weapons Level 2 (Chrono Boost)  
  112  8:11  Probe  
  113  8:15  Shield Battery  
  113  8:23  Stalker x4  
  113  8:24  Probe  
  113  8:26  Probe  
  123  8:29  Probe  
  123  8:34  Stalker x4  
  130  8:36  Probe  
  130  8:39  Probe  
  126  8:41  Probe  
  123  8:48  Probe  
  123  8:50  Stalker x4  
  133  8:58  Stalker x3  
  133  8:59  Zealot  
  136  9:16  Zealot x4  
  144  9:17  Probe  
  144  9:21  Stalker x3  
  144  9:22  Stalker  
  144  9:23  Probe  
  148  9:31  Observer  
  148  9:32  Probe  
  148  9:37  Stalker x4  
  156  9:38  Probe  
  156  9:41  Probe, Assimilator x2  
  155  9:46  Photon Cannon  
  155  9:47  Pylon  
  155  9:50  Pylon  
  155  9:52  Observer  
  155  9:53  Observer  
  155  9:56  Pylon  
  155  10:00  Observer  
  155  10:02  Observer  
  155  10:07  Stalker x5  
  155  10:08  Robotics Bay, Stalker x3  
  155  10:09  Observer  
  171  10:17  Photon Cannon  
  171  10:19  Photon Cannon  
  171  10:30  Pylon  
  171  10:33  Zealot x3, Stalker x3  
  180  10:40  Pylon  
  180  10:41  Pylon  
  176  10:44  Pylon  
  176  10:45  Stalker x2  
  164  10:55  Dark Templar x3  
  164  10:57  Zealot x2  
  172  10:58  Disruptor (Chrono Boost)  
  172  11:00  Zealot  
  169  11:07  Probe  
  164  11:13  Nexus  
  164  11:14  Pylon  
  164  11:16  Stalker x2  
  168  11:21  Pylon  
  168  11:24  Stalker  
  168  11:25  Stalker x2  
  174  11:27  Disruptor (Chrono Boost)  
  174  11:28  Probe, Pylon  
  174  11:29  Probe  
  179  11:36  Stalker x3  
  185  11:53  Stalker x5  
  195  11:57  Probe  
  195  11:58  Gateway  
  195  11:59  Gateway  
  186  12:01  Gateway  
Tags
 
Add a new tag
Caveats
  • Supply blocks, unpowered buildings, or Contaminate may cause inaccurate times.
  • Supply counts are checked every 10 seconds.